 Dungeon Crawl Stone Soup version 0.13.1-27-ga479965 (webtiles) character file.

1014 Chiseanne the Covered (level 8, 0/61 HPs)
             Began as a Human Fighter on Feb 13, 2014.
             Slain by an ogre
             ... wielding a +0,+0 giant club
              (13 damage)
             ... on Level 4 of the Dungeon.
             The game lasted 00:20:16 (7686 turns).

Chiseanne the Covered (Human Fighter)               Turns: 7686, Time: 00:20:16

HP   0/61        AC 10     Str 16      XL: 8   Next: 44%
MP   7/7         EV  7     Int 10      God:
Gold 9           SH 20     Dex 14      Spells:  0 memorised,  7 levels left

Res.Fire  : . . .   See Invis. : .   a - +4,+2 orc mace (crush)
Res.Cold  : . . .   Warding    : .   l - +0 scale mail
Life Prot.: . . .   Conserve   : .   c - +0 shield
Res.Poison: .       Res.Corr.  : .   (no helmet)
Res.Elec. : .       Clarity    : .   m - +0 cloak
Sust.Abil.: . .     Spirit.Shd : .   b - +0 pair of elf gauntlets
Res.Mut.  : .       Stasis     : .   (no boots)
Res.Rott. : .       Flight     : .   (no amulet)
Saprovore : . . .                    x - ring of protection from magic
                                     f - ring of protection from magic

@: very resistant to hostile enchantments, extremely unstealthy
A: no striking features
a: no special abilities


You were on level 4 of the Dungeon.
You were hungry.

You visited 1 branch of the dungeon, and saw 5 of its levels.

You collected 104 gold pieces.
You spent 115 gold pieces at shops.

Inventory:

Hand weapons
 a - a +4,+2 orcish mace of crushing (weapon)
 j - a +4,+4 quarterstaff of chaos
 n - a +2,+1 orcish dagger of freezing (quivered)
 s - a +2,+2 long sword of holy wrath
 y - a +0,+0 trident
 A - a +0 orcish blowgun
Missiles
 q - 72 poisoned needles
Armour
 b - a +0 pair of elven gauntlets (worn)
 c - a +0 shield (worn)
 l - a +0 scale mail (worn)
 m - a +0 cloak (worn)
Magical devices
 e - a wand of lightning (0)
Comestibles
 d - 2 bread rations
 g - a meat ration
 r - 2 chokos
Scrolls
 h - a scroll of identify
 i - a scroll of amnesia
 k - 2 scrolls of magic mapping
 o - 4 scrolls of remove curse
 t - a scroll of vulnerability
Jewellery
 f - a ring of protection from magic (left hand)
 u - an uncursed ring of wizardry
 x - a ring of protection from magic (right hand)
Potions
 p - 2 potions of brilliance
 z - a potion of curing


   Skills:
 * Level 4.6 Fighting
 * Level 2.3 Maces & Flails
 - Level 2.0 Polearms
 * Level 6.5 Armour
 * Level 6.3 Shields


You had 7 spell levels left.
You didn't know any spells.

Dungeon Overview and Level Annotations

Branches:
Dungeon (5/27)
 Temple: D:4-7

Altars:
Nemelex Xobeh
Sif Muna
Trog

Shops:
D:5 ?

Annotations:
D:3 Chiseanne's ghost, average HuFi


Message History

You hit the ogre.
The ogre is lightly wounded.
The ogre hits you with a giant club!
You hit the ogre.
The ogre is moderately wounded.
The ogre hits you with a giant club.
You hit the ogre.
The ogre is heavily wounded.
The ogre barely misses you.
You barely miss the ogre.
The ogre is heavily wounded.
The ogre hits you with a giant club!
You hit the ogre.
The ogre is severely wounded.
The ogre hits you with a giant club!
* * * LOW HITPOINT WARNING * * *
You hit the ogre.
The ogre is severely wounded.
The ogre hits you with a giant club!
You die...

#.##.# #.##.#...##.#
#.......#
#.##.###...........#
####.####
#........#####.##### #.#
####.##### #)# #.# #.# ##)##
#.# #.# ##.).## #.## #.#
##.....## ##.(# ##.##
##....<..## ##.#.#
##...####...@.....####....###
#.......'...O.....'..........
#....####.........####....###
#.#.## ##.......## #.......
#.### ##.....## #.##.### #.#
##...## #.##.## #.# ##'##
#.##..# #.# #.# #.###.##
#.####### #.##### #..>.<..


You could see an ogre.

Vanquished Creatures
  Prince Ribbit (D:4)
  2 ogres
  Sigmund (D:4)
  A crimson imp (D:5)
  2 hounds (D:4)
  Crazy Yiuf (D:2)
  3 orc wizards
  An orc priest (D:4)
  A worker ant (D:3)
  Jessica (D:3)
  A hound skeleton (D:5)
  10 adders
  3 gnolls (D:3)
  4 worms
  4 giant geckos
  20 orcs
  18 bats
  3 giant cockroaches (D:1)
  17 hobgoblins
  7 jackals
  2 ball pythons
  7 giant newts
  10 goblins
  A hobgoblin skeleton (D:4)
  19 kobolds
  12 rats
  A fungus (D:2)
153 creatures vanquished.

Vanquished Creatures (others)
  A fungus (D:2)
1 creature vanquished.

Grand Total: 154 creatures vanquished

Notes
Turn   | Place    | Note
--------------------------------------------------------------
     0 | D:1      | Chiseanne, the Human Fighter, began the quest for the Orb.
     0 | D:1      | Reached XP level 1. HP: 18/18 MP: 0/0
   181 | D:1      | Reached XP level 2. HP: 24/24 MP: 1/1
   570 | D:1      | Reached XP level 3. HP: 13/30 MP: 2/2
  1456 | D:2      | Reached XP level 4. HP: 33/36 MP: 3/3
  1685 | D:2      | Reached skill level 4 in Armour
  1963 | D:2      | Reached XP level 5. HP: 39/42 MP: 4/4
  1977 | D:2      | Paralysed by a potion of paralysis for 5 turns
  1986 | D:2      | Noticed Crazy Yiuf
  2391 | D:2      | Killed Crazy Yiuf
  2832 | D:3      | Reached XP level 6. HP: 35/48 MP: 5/5
  3082 | D:3      | Noticed Chiseanne's ghost (average HuFi)
  3594 | D:3      | Noticed Jessica
  3606 | D:3      | Killed Jessica
  4476 | D:4      | Reached skill level 5 in Armour
  4476 | D:4      | Reached skill level 5 in Shields
  5099 | D:4      | Reached XP level 7. HP: 52/54 MP: 6/6
  5141 | D:4      | Found a deep blue altar of Sif Muna.
  5145 | D:4      | HP: 1/54 [hobgoblin/wand of lightning (19)]
  5151 | D:5      | Entered Level 5 of the Dungeon
  5433 | D:4      | Reached skill level 1 in Maces & Flails
  6046 | D:4      | Found a sparkling altar of Nemelex Xobeh.
  6059 | D:4      | Found a bloodstained altar of Trog.
  6136 | D:4      | Noticed Sigmund
  6164 | D:4      | Killed Sigmund
  6376 | D:4      | Noticed Prince Ribbit
  6392 | D:4      | Killed Prince Ribbit
  6392 | D:4      | Reached skill level 6 in Armour
  6392 | D:4      | Reached XP level 8. HP: 21/61 MP: 7/7
  6742 | D:5      | Found Otzomm's Magic Scroll Boutique.
  6749 | D:5      | Bought a scroll of remove curse for 33 gold pieces
  6749 | D:5      | Bought a scroll of vulnerability for 82 gold pieces
  7550 | D:5      | Noticed a hill giant
  7686 | D:4      | Slain by an ogre

Action                   |  1- 3 |  4- 6 |  7- 9 || total
-------------------------+-------+-------+-------++-------
Melee: Trident           |   158 |   299 |       ||   457
       Mace              |       |    61 |   205 ||   266
       Dagger            |       |    10 |       ||    10
 Fire: Blowgun           |       |       |     2 ||     2
  Use: Potion            |     1 |     8 |     2 ||    11
       Scroll            |       |    10 |     4 ||    14
